 Dungeon Crawl Stone Soup version 0.18.1-1-g2f07953 (webtiles) character file.

586277 inmateoo the Axe Maniac (level 24, 0/256 HPs)
             Began as a Minotaur Berserker on May 6, 2016.
             Was the Champion of Trog.
             Slain by a storm dragon simulacrum (7 damage)
             ... on level 5 of the Abyss.
             The game lasted 01:57:48 (51320 turns).

inmateoo the Axe Maniac (Minotaur Berserker)       Turns: 51320, Time: 01:57:48

Health: 0/256      AC: 37    Str: 31    XL:     24   Next: 90%
Magic:  19/19      EV: 18    Int: -1 (1) God:    Trog [******]
Gold:   1365       SH: 24    Dex: 17    Spells: 0 memorised, 23 levels left

rFire  + + .     SeeInvis +     X - +11 broad axe "Nelar" {chop, rPois}
rCold  + + .     Gourm    .     j - +6 gold dragon armour
rNeg   + + .     Faith    .     Q - +0 large shield
rPois  +         Spirit   .     D - -2 hat of the Alchemist {rElec rPois rF+ rC+ rN+ MR+ rMut rCorr}
rElec  +         Dismiss  .     R - +0 cloak of the Illusory Ghosts {Slay+3}
rCorr  +         Reflect  .     l - +1 pair of gloves {Dex+3}
rMut   +         Harm     .     o - +2 pair of boots {run}
SustAt .         Clarity  +     P - amulet of regeneration
MR     +++..                    Z - ring of Shadows {Umbra +Inv rN+ SInv}
Stlth  ..........               T - ring of protection from magic

@: about to teleport, very slightly contaminated, slowed, lost intelligence,
wreathed by umbra, very slow, extremely resistant to hostile enchantments,
extremely unstealthy
A: retaliatory headbutt, claws 1, horns 2, thin skeletal structure 1, blurry
vision 2, clarity, clumsy 1, deterioration 1, dopey 1, low mp 1, robust 1,
screaming 1, no device heal 1, MP-powered wands
a: Berserk, Trog's Hand, Brothers in Arms, Burn Spellbooks, Renounce Religion,
Evoke Invisibility
}: 5/15 runes: serpentine, barnacled, slimy, silver, abyssal


You were on level 5 of the Abyss.
You worshipped Trog.
Trog was exalted by your worship.
You were very full.

You visited 8 branches of the dungeon, and saw 47 of its levels.
You visited the Abyss 1 time.
You visited 1 bazaar.
You also visited: Labyrinth, Ossuary and Volcano.

You collected 7620 gold pieces.
You spent 5949 gold pieces at shops.

Inventory:

Hand Weapons
 g - a +9 broad axe of chopping
 X - the +11 broad axe "Nelar" (weapon) {chop, rPois}
   (Trog gifted it to you on level 4 of the Pits of Slime)

   It inflicts extra damage upon your enemies.
   It protects you from poison.
Armour
 j - a +6 gold dragon armour (worn)
 l - a +1 pair of gloves of dexterity (worn)
 o - a +2 pair of boots of running (worn)
 D - the -2 hat of the Alchemist (worn) {rElec rPois rF+ rC+ rN+ MR+ rMut rCorr}
   (You bought it in a shop on level 2 of the Orcish Mines)

   It protects you from fire.
   It protects you from cold.
   It insulates you from electricity.
   It protects you from poison.
   It protects you from negative energy.
   It affects your resistance to hostile enchantments.
   It protects you from acid and corrosion.
   It protects you from mutation.
 Q - a +0 large shield (worn)
 R - the +0 cloak of the Illusory Ghosts (worn) {Slay+3}
   (You found it on level 5 of the Vaults)

   It affects your accuracy and damage with ranged weapons and melee attacks
   (+3).
Jewellery
 s - a +5 ring of dexterity
 y - an uncursed ring of protection from cold
 P - an amulet of regeneration (around neck)
 T - a ring of protection from magic (left hand)
 U - an uncursed ring of flight
 W - the cursed ring "Meosm" {rF+ EV-3 SInv}
   (You took it off a salamander on level 4 of the Snake Pit)

   [ring of evasion]

   It affects your evasion (-3).
   It protects you from fire.
   It lets you see invisible.
   It has a curse placed upon it.
 Z - the ring of Shadows (right hand) {Umbra +Inv rN+ SInv}
   (You took it off a fire giant on level 4 of the Vaults)

   [ring of positive energy]

   It protects you from negative energy.
   It lets you see invisible.
   It lets you turn invisible.
Wands
 C - a wand of digging (16/24)
 E - a wand of disintegration (7/24)
 J - a wand of digging (14/24)
 M - a wand of digging (5/24)
 Y - a wand of teleportation (3/9)
Scrolls
 a - 7 scrolls of identify
 d - 25 scrolls of remove curse
 i - 6 scrolls of recharging
 k - 17 scrolls of teleportation
 n - a scroll of silence
 p - 16 scrolls of blinking
 u - 10 scrolls of fear
 v - 9 scrolls of magic mapping
 L - 12 scrolls of fog
 O - 2 scrolls of brand weapon
Potions
 b - 7 potions of flight
 e - 7 potions of ambrosia
 h - 9 potions of brilliance
 m - 18 potions of curing
 q - 5 potions of berserk rage
 x - a potion of cure mutation
 z - 5 potions of resistance
 A - 5 potions of heal wounds
 B - 2 potions of invisibility
 F - 9 potions of might
 H - 7 potions of agility
 I - 4 potions of haste
 N - 2 potions of magic
Books
 t - a Necronomicon

   Spells                             Type                      Level
   a - Haunt                          Necromancy/Summoning         7
   b - Borgnjor's Revivification      Necromancy                   8
   c - Death's Door                   Charms/Necromancy            8
   d - Necromutation                  Transmutation/Necromancy     8
   Trog disapproves of the use of such an item.
Miscellaneous
 G - a box of beasts
Comestibles
 c - 28 bread rations
 f - 14 meat rations


   Skills:
 + Level 22.3 Fighting
 O Level 27 Axes
 + Level 22.3 Armour
 + Level 20.7 Dodging
 + Level 19.4 Shields


You had 23 spell levels left.
You didn't know any spells.

Dungeon Overview and Level Annotations

Branches:
Dungeon (15/15)            Temple (0/1) D:4            Lair (8/8) D:10
 Shoals (4/4) Lair:6        Snake (4/4) Lair:6        Slime (6/6) Lair:6
    Orc (2/2) D:11            Elf (3/3) Orc:2        Vaults (5/5) D:14
  Crypt (0/3) Vaults:2     Depths (0/5) D:15

Altars:
Dithmenos
Kikubaaqudgha
Nemelex Xobeh
Okawaru
Pakellas
Ru
Sif Muna
Vehumet
Xom
Yredelemnul
The Shining One

Shops:
D:5 [   D:9 %   Orc:2 :([[?   Elf:3 ***:   Shoals:1 *=!*   Shoals:2 :
Vaults:1 !   Vaults:4 }:   Vaults:5 :


Innate Abilities, Weirdness & Mutations

You reflexively headbutt those who attack you in melee.
You have a pair of horns on your head.
You have sharp fingernails.
You have a somewhat thin skeletal structure (Dex +2, Stealth).
You possess an exceptional clarity of mind.
You are clumsy. (Dex -2)
Your body sometimes deteriorates upon taking damage.
You are dopey. (Int -2)
Your magical capacity is low (-10% MP).
You are robust (+10% HP).
You occasionally shout uncontrollably at your foes.
Potions and wands are less effective at restoring your health.
You expend magic power (3 MP) to strengthen your wands.
[Scrolls take you longer to read.]


Message History

The starcursed mass engulfs you.
* * * LOW HITPOINT WARNING * * *
A starcursed mass splits.
You can move again.
Unknown command.
Unknown command.
Unknown command.
Read which item? (? for menu, Esc to quit)
Okay, then.
Drink which item? (? for menu, Esc to quit)
You feel much better.
You block the storm dragon simulacrum's attack. x3
You block the starcursed mass's attack.
The neqoxec gestures.
A cacophony of accursed wailing tears at your sanity!
* * * LOW HITPOINT WARNING * * *
You shrug off the repeated paralysis!
The starcursed mass engulfs you but does no damage. x2
The storm dragon simulacrum bites you!
You die...

. .... .. ..... ...
..... ...
#...#######55.....###..
..........3.....# ...
#. ......§3X3.....
...... #.X@Zv#.....#...
.# ##.XX## .. # ...
##X#####.##### # #
#XXX*RX..*..#... #
.XXXX*###.. .... .
....XXXX.. #...X..R...
.#...*...?#.#.... . .
.######...#(.. ...##..♣
# .#...# . ..♣.


You could see 15 starcursed masses, a spatial maelstrom, a neqoxec, 2 chaos
spawn, a shadow imp, a storm dragon simulacrum, an ufetubus and a lurking
horror.

Vanquished Creatures
  the Royal Jelly (Slime:6)
  Mara (Snake:4)
  Norris (Elf:2)
  Frederick (Vaults:2)
  Saint Roka (Vaults:1)
  Vashnia (Snake:2)
  2 golden dragons (Vaults:5)
  2 bone dragons (Abyss:5)
  Jorgrun (Vaults:1)
  3 liches
  2 tentacled monstrosities
  3 titans (Vaults:5)
  2 deep elf master archers (Elf:3)
  2 deep elf blademasters (Elf:3)
  2 krakens
  4 tentacled starspawn (Abyss:5)
  A sphinx (Vaults:3)
  22 acid blobs
  A thorn hunter (Abyss:5)
  A storm dragon (Vaults:5)
  4 shadow dragons (Vaults:5)
  8 greater nagas (Snake:4)
  Ilsuiw (Shoals:4)
  8 tengu reavers
  10 azure jellies
  3 frost giants
  4 fire giants
  An iron dragon (Vaults:5)
  Wiglaf (Elf:3)
  A daeva (Abyss:5)
  Maud (Orc:1)
  14 vault wardens
  7 deep elf sorcerers
  A ghoul (Vaults:2)
  Louise (Snake:1)
  15 ironheart preservers
  2 war gargoyles
  6 deep elf elementalists
  9 very ugly things
  10 stone giants
  The ghost of MTVSty1e the Fighter, a journeyman MiFi of Okawaru (Lair:4)
  3 salamander stormcallers
  An ophan (Abyss:5)
  7 deep elf demonologists
  2 dire elephants
  13 deep elf annihilators
  A purple draconian (Abyss:5)
  6 ettins
  2 fire dragons
  4 deep elf death magi (Elf:3)
  Snorg (Lair:3)
  19 yaktaur captains
  3 death oozes
  11 merfolk impalers
  5 merfolk javelineers
  35 vault guards
  A minotaur (Lab)
  3 deep elf high priests
  12 great orbs of eyes
  Fannar (D:10)
  4 hydras
  15 naga warriors
  Erolcha (D:10)
  18 anacondas
  3 rakshasas (Abyss:5)
  4 catoblepae
  Erica (D:8)
  A merfolk avatar (Shoals:1)
  An ice dragon (Vaults:2)
  10 centaur warriors
  17 ogre magi
  5 merfolk aquamancers
  27 dancing weapons
  2 satyrs (Shoals:3)
  3 death knights
  7 death yaks (Lair:8)
  A deep troll shaman (Vaults:3)
  25 thrashing horrors (Abyss:5)
  An orc high priest (Vaults:1)
  A tengu warrior (D:15)
  19 naga sharpshooters
  A vampire mage (Abyss:5)
  2 deep troll earth magi
  30 large abominations (Abyss:5)
  11 shock serpents
  10 hell knights
  Sonja (D:12)
  A sun demon (Abyss:5)
  A soul eater (Abyss:5)
  8 sea snakes
  25 deep elf knights
  8 skeletal warriors
  7 wretched stars (Abyss:5)
  8 salamander mystics
  11 deep trolls
  A sea snake (shapeshifter) (Vaults:3)
  5 spatial maelstroms (Abyss:5)
  3 wizards
  A death drake (shapeshifter) (Vaults:4)
  A death drake (Abyss:5)
  2 shadow demons (Abyss:5)
  A fire crab (Vaults:2)
  4 giant orange brains
  6 naga ritualists
  4 unseen horrors
  A shambling mangrove (Abyss:5)
  14 deep elf archers
  Pikel (D:5)
  12 hill giants
  A tengu zombie (Vaults:2)
  A wolf spider zombie (D:15)
  13 ironbrand convokers
  14 mana vipers
  20 orc knights
  4 necromancers
  2 phantasmal warriors (Vaults:5)
  19 griffons
  4 lindwurms (Snake:4)
  A human zombie (Vaults:2)
  8 cyclopes
  15 harpies
  8 salamanders
  3 wolf spiders
  11 manticores
  37 ugly things
  5 shining eyes
  5 hornets
  2 orc sorcerers
  10 fauns
  45 deep elf magi
  5 worldbinders (Abyss:5)
  A cyclops (shapeshifter) (Vaults:5)
  A salamander (shapeshifter) (Vaults:5)
  9 guardian serpents
  6 sirens
  The ghost of M4edhros the Martial Artist, a novice OpNe (D:6)
  A guardian serpent (shapeshifter) (Abyss:5)
  22 naga magi
  14 vault sentinels
  36 black mambas
  9 smoke demons (Abyss:5)
  A dire elephant zombie (Abyss:5)
  2 gargoyles (D:13)
  3 eyes of devastation
  Psyche (D:8)
  9 water nymphs
  A spiny frog (shapeshifter) (Vaults:2)
  6 kobold demonologists
  11 spiny frogs
  4 rime drakes
  11 freezing wraiths
  2 dire elephant skeletons (Abyss:5)
  5 demonic crawlers
  A hellion (Abyss:5)
  24 yaktaurs
  A hellwing (Abyss:5)
  2 efreet
  8 komodo dragons
  A human skeleton (Vaults:2)
  24 merfolk
  12 ancient zymes (Abyss:5)
  A tengu conjurer (D:15)
  A queen bee (shapeshifter) (Vaults:1)
  5 wind drakes
  7 trolls
  A hydra skeleton (Abyss:5)
  24 two-headed ogres
  2 polar bears
  A raiju (shapeshifter) (Vaults:3)
  Grinder (D:3)
  4 snapping turtles
  115 slime creatures
  An iron dragon simulacrum (Abyss:5)
  Prince Ribbit (D:8)
  2 blink frogs (Abyss:5)
  4 boulder beetles
  15 raiju (Abyss:5)
  7 flying skulls
  Sigmund (D:2)
  5 air elementals
  A yak (shapeshifter) (Vaults:1)
  Eustachio (D:4)
  5 vampires
  5 ynoxinuls (Abyss:5)
  4 wyverns
  18 water elementals
  3 shadows
  48 yaks
  A redback (shapeshifter) (Vaults:4)
  10 small abominations (Abyss:5)
  4 wraiths
  2 basilisks
  3 fire elementals
  A human (shapeshifter) (Abyss:5)
  A golden eye (shapeshifter) (Vaults:2)
  14 golden eyes
  17 hippogriffs
  A hog (shapeshifter) (Vaults:3)
  5 neqoxecs (Abyss:5)
  A hippogriff (shapeshifter) (Vaults:4)
  3 hungry ghosts
  2 chaos spawn (Abyss:5)
  3 mottled dragons
  Menkaure (D:7)
  18 vampire mosquitoes
  4 wargs
  Edmund (D:6)
  47 nagas
  A deep troll zombie (Vaults:2)
  6 spatial vortices (Abyss:5)
  13 water moccasins
  2 giant eyeballs
  2 hell hounds (Abyss:5)
  A giant eyeball (shapeshifter) (Vaults:4)
  36 orc warriors
  9 porcupines
  3 sky beasts
  2 slaves (D:5)
  A wasp (D:11)
  3 ice beasts
  3 black bears
  5 phantoms
  6 boggarts
  30 starcursed masses (Abyss:5)
  An eye of draining (shapeshifter) (Vaults:3)
  83 ogres
  11 eyes of draining
  21 wolves
  11 centaurs
  An elf skeleton (Vaults:2)
  10 big kobolds
  17 crocodiles
  A giant frog (shapeshifter) (Vaults:3)
  Blork the orc (D:5)
  15 giant frogs
  A wyvern zombie (D:6)
  3 earth elementals
  A glowing shapeshifter simulacrum (Vaults:3)
  A wyvern skeleton (D:13)
  4 scorpions
  12 wights
  8 howler monkeys
  An electric eel (Lair:3)
  7 crimson imps
  2 centaur zombies
  3 quasits
  49 jellies
  A giant frog skeleton (D:4)
  A gnoll shaman (D:4)
  10 orc priests
  8 hounds
  21 orc wizards
  Crazy Yiuf (D:2)
  4 centaur skeletons
  2 iron imps (D:13)
  6 iguanas
  Ijyb (D:3)
  Terence (D:3)
  A boulder beetle simulacrum (Vaults:1)
  A worker ant (shapeshifter) (Vaults:1)
  11 worker ants
  A killer bee zombie (D:8)
  29 sheep
  4 ogre zombies (Ossuary)
  A hound zombie (D:7)
  A hound skeleton (D:11)
  9 mummies
  A worker ant zombie (D:10)
  Robin (D:2)
  5 gnolls (D:4)
  19 adders
  91 river rats
  11 shadow imps
  2 white imps (D:13)
  3 ufetubi (D:13)
  5 oozes (D:14)
  3 adder zombies (Ossuary)
  4 adder skeletons
  4 worms
  A dart slug (D:2)
  5 giant geckos
  106 orcs
  2 ball pythons
  10 bats
  8 giant cockroaches
  A gnoll zombie (Ossuary)
  23 goblins
  8 hobgoblins
  12 jackals
  7 quokkas
  A giant gecko zombie (D:6)
  3 giant newts
  7 goblin zombies (Ossuary)
  A hobgoblin zombie (Ossuary)
  2 jackal skeletons
  31 kobolds
  7 kobold zombies (Ossuary)
  6 quokka zombies
  15 rats
  A rat zombie (Ossuary)
  3 fungi
  4 lurking horrors (Abyss:5)
  11 plants
  A starspawn tentacle (Abyss:5)
  8 tentacles
2456 creatures vanquished.

Vanquished Creatures (collateral kills)
  Sojobo (Vaults:4)
  An acid blob (Slime:6)
  An orc warlord (Orc:2)
  A death ooze (Slime:6)
  An ogre mage (Orc:2)
  3 dancing weapons (Elf:2)
  A deep troll (Orc:2)
  2 hill giants (Orc:2)
  A deep elf mage (Elf:2)
  2 trolls (Orc:2)
  A two-headed ogre (Orc:1)
  A hungry ghost (Orc:1)
  2 wargs
  3 orc warriors (Orc:1)
  An ogre (Orc:2)
  A crimson imp (D:13)
  2 orc wizards (Orc:1)
  4 orcs
29 creatures vanquished.

Vanquished Creatures (others)
  Aizul (Snake:4)
  A deep elf elementalist (Vaults:5)
  A death yak (Lair:8)
  A giant orange brain (Abyss:5)
  A golden eye (Abyss:5)
  A spatial vortex (Abyss:5)
  2 small abominations (Abyss:5)
  An orc (Vaults:4)
  A rat (D:10)
  6 fungi
  5 lurking horrors (Abyss:5)
  6 plants
  11 starspawn tentacles (Abyss:5)
  30 starspawn tentacle segments (Abyss:5)
  12 tentacles
  708 tentacle segments
788 creatures vanquished.

Grand Total: 3273 creatures vanquished

Notes
Turn   | Place    | Note
--------------------------------------------------------------
     0 | D:1      | inmateoo the Minotaur Berserker began the quest for the Orb.
     0 | D:1      | Reached XP level 1. HP: 19/19 MP: 0/0
   333 | D:1      | Reached skill level 4 in Axes
   333 | D:1      | Reached XP level 2. HP: 14/27 MP: 1/1
  1027 | D:1      | Reached ** piety under Trog
  1113 | D:2      | Found an iron altar of Okawaru.
  1133 | D:2      | Found a sparkling altar of Nemelex Xobeh.
  1140 | D:2      | Reached XP level 3. HP: 21/33 MP: 2/2
  1215 | D:2      | Noticed Terence
  1312 | D:2      | Noticed Robin
  1321 | D:2      | Killed Robin
  1327 | D:2      | Reached XP level 4. HP: 39/40 MP: 3/3
  1663 | D:2      | Noticed Sigmund
  1675 | D:2      | Killed Sigmund
  1675 | D:2      | Reached skill level 5 in Axes
  1675 | D:2      | Reached XP level 5. HP: 44/47 MP: 4/4
  2152 | D:2      | Noticed Crazy Yiuf
  2157 | D:2      | Killed Crazy Yiuf
  2157 | D:2      | Reached XP level 6. HP: 53/53 MP: 5/5
  2240 | D:3      | Noticed Ijyb
  2244 | D:3      | Reached *** piety under Trog
  2268 | D:3      | Killed Ijyb
  2391 | D:3      | Killed Terence
  2391 | D:3      | Reached skill level 6 in Axes
  2627 | D:3      | Noticed Grinder
  2630 | D:3      | Reached skill level 5 in Fighting
  2641 | D:3      | Paralysed by Grinder for 3 turns
  2654 | D:3      | Paralysed by Grinder for 6 turns
  2661 | D:3      | Killed Grinder
  2661 | D:3      | Reached skill level 5 in Armour
  2661 | D:3      | Reached XP level 7. HP: 48/61 MP: 6/6
  2940 | D:4      | Found a staircase to the Ecumenical Temple.
  2965 | D:4      | Reached skill level 7 in Axes
  3013 | D:4      | Gained mutation: Your spells are a little harder to cast, but a little more powerful. [potion of mutation]
  3013 | D:4      | Gained mutation: You occasionally shout uncontrollably at your foes. [potion of mutation]
  3013 | D:4      | Gained mutation: You have large cloven feet. [potion of mutation]
  3055 | D:4      | Noticed Eustachio
  3127 | D:4      | Killed Eustachio
  3127 | D:4      | Reached skill level 5 in Dodging
  3127 | D:4      | Reached XP level 8. HP: 50/70 MP: 7/7
  3262 | D:4      | Found a sand-covered staircase.
  3268 | Ossuary  | Entered an ossuary
  3406 | Ossuary  | Reached skill level 8 in Axes
  3979 | D:4      | Found a deep blue altar of Sif Muna.
  4073 | D:4      | Reached **** piety under Trog
  4115 | D:5      | Entered Level 5 of the Dungeon
  4120 | D:5      | Noticed Pikel
  4125 | D:5      | Found a radiant altar of Vehumet.
  4163 | D:5      | Killed Pikel
  4163 | D:5      | Reached skill level 9 in Axes
  4407 | D:5      | Noticed Blork the orc
  4417 | D:5      | Killed Blork the orc
  4458 | D:5      | Reached XP level 9. HP: 48/79 MP: 8/8
  5122 | D:5      | Reached skill level 10 in Axes
  5191 | D:5      | Found Xontuefi's Antique Armour Emporium.
  5413 | D:6      | Noticed Edmund
  5428 | D:6      | Killed Edmund
  5656 | D:6      | Found a basalt altar of Yredelemnul.
  5657 | D:6      | Found a shadowy altar of Dithmenos.
  5657 | D:6      | Found an oddly glowing altar of Pakellas.
  5657 | D:6      | Noticed M4edhros's ghost (novice OpNe)
  5675 | D:6      | Killed M4edhros's ghost
  5949 | D:6      | Reached skill level 11 in Axes
  6195 | D:7      | Found a sacrificial altar of Ru.
  6240 | D:7      | Noticed Menkaure
  6509 | D:7      | Killed Menkaure
  6559 | D:7      | Reached ***** piety under Trog
  6560 | D:7      | Reached XP level 10. HP: 60/90 MP: 9/9
  7010 | D:7      | Found an ancient bone altar of Kikubaaqudgha.
  7317 | D:8      | Noticed Erica
  7331 | D:8      | Killed Erica
  7468 | D:8      | Noticed Psyche
  7479 | D:8      | Killed Psyche
  7479 | D:8      | Reached skill level 12 in Axes
  7541 | D:8      | Noticed Prince Ribbit
  7562 | D:8      | Killed Prince Ribbit
  7885 | D:9      | Found Exezunk's Food Shoppe.
  7987 | D:9      | Gained mutation: You are frail (-10% HP). [mutagenic meat]
  7988 | D:9      | Gained mutation: You sometimes yell uncontrollably at your foes. [mutagenic meat]
  8463 | D:10     | Entered Level 10 of the Dungeon
  8512 | D:10     | Found a staircase to the Lair.
  8556 | D:10     | Noticed Erolcha
  8670 | D:11     | Reached XP level 11. HP: 89/89 MP: 10/10
  8671 | D:11     | Reached skill level 13 in Axes
  8806 | D:11     | Noticed a skeletal warrior
  8806 | D:11     | Noticed a skeletal warrior
  8823 | D:10     | Reached ****** piety under Trog
  8830 | D:10     | Noticed an unseen horror
  8845 | D:10     | Killed an unseen horror
  9107 | D:10     | Killed Erolcha
  9107 | D:10     | Reached skill level 10 in Fighting
  9206 | D:10     | Noticed Fannar
  9211 | D:10     | Noticed a hill giant
  9222 | D:10     | Reached skill level 10 in Armour
  9230 | D:10     | Killed a hill giant
  9277 | D:10     | Killed Fannar
  9345 | D:10     | Noticed an unseen horror
  9356 | D:10     | Killed an unseen horror
  9840 | Lair:1   | Entered Level 1 of the Lair of Beasts
  9916 | Lair:1   | Reached skill level 14 in Axes
 10051 | Lair:1   | Found a dark tunnel.
 10056 | Volcano  | Entered a volcano
 11203 | Lair:2   | Reached XP level 12. HP: 49/97 MP: 11/11
 11222 | Lair:2   | Received a gift from Trog
 11270 | Lair:2   | Reached skill level 10 in Dodging
 12126 | Lair:3   | Reached skill level 15 in Axes
 12255 | Lair:3   | Noticed Snorg
 12264 | Lair:3   | Killed Snorg
 12496 | Lair:3   | Noticed a fire dragon
 12515 | Lair:3   | Killed a fire dragon
 13461 | Lair:4   | Noticed an eight-headed hydra
 13472 | Lair:4   | Killed a three-headed hydra
 13472 | Lair:4   | Received a gift from Trog
 13508 | Lair:4   | Noticed MTVSty1e's ghost (journeyman MiFi)
 13521 | Lair:4   | Killed MTVSty1e's ghost
 13939 | Lair:5   | Noticed a seven-headed hydra
 13942 | Lair:5   | Reached skill level 16 in Axes
 13951 | Lair:5   | Killed a two-headed hydra
 13951 | Lair:5   | Reached XP level 13. HP: 61/106 MP: 12/12
 14825 | Lair:5   | Lost mutation: You are frail (-10% HP). [potion of cure mutation]
 14825 | Lair:5   | Lost mutation: Your spells are a little harder to cast, but a little more powerful. [potion of cure mutation]
 14825 | Lair:5   | Lost mutation: You sometimes yell uncontrollably at your foes. [potion of cure mutation]
 14932 | Lair:6   | Found a staircase to the Slime Pits.
 15112 | Lair:6   | Gained mutation: Your movements are slightly less encumbered by armour (ER -2). [potion of mutation]
 15112 | Lair:6   | Lost mutation: You occasionally shout uncontrollably at your foes. [potion of mutation]
 15112 | Lair:6   | Gained mutation: You are partially covered in rough black scales (AC +4, Dex -1). [potion of mutation]
 15310 | Lair:6   | Found a staircase to the Shoals.
 15380 | Lair:6   | Found a staircase to the Snake Pit.
 15390 | Lair:6   | Found a shimmering altar of Xom.
 15640 | Lair:7   | Received a gift from Trog
 15646 | Lair:7   | Got a crude battleaxe {god gift}
 15652 | Lair:7   | Identified the +3 battleaxe of Woe {freeze, Int+2} (Trog gifted it to you on level 7 of the Lair of Beasts)
 16360 | Lair:8   | Entered Level 8 of the Lair of Beasts
 16408 | Lair:8   | Found a labyrinth entrance.
 16428 | Lab      | Entered a labyrinth
 16639 | Lab      | Noticed a minotaur
 16647 | Lab      | Killed a minotaur
 16670 | Lab      | Identified a scroll of acquirement
 16698 | Lab      | Got a warped morningstar
 16701 | Lair:8   | Identified the +7 morningstar "Ihogyll" {crush, rN+ Dex+4 Stlth-} (You found it in a labyrinth)
 17100 | Lair:8   | Reached skill level 17 in Axes
 18185 | Lair:8   | Found a radiant altar of Vehumet.
 18204 | Lair:8   | Reached XP level 14. HP: 96/129 MP: 13/13
 18324 | Lair:8   | Received a gift from Trog
 18931 | D:11     | Found an iron altar of Okawaru.
 18942 | D:11     | Found a staircase to the Orcish Mines.
 19121 | D:11     | Reached skill level 18 in Axes
 19541 | D:12     | Noticed Sonja
 19560 | D:12     | Killed Sonja
 20234 | D:13     | Received a gift from Trog
 20836 | D:14     | Found a gate to the Vaults.
 20844 | D:14     | Reached skill level 1 in Shields
 21090 | D:14     | Found a glowing golden altar of the Shining One.
 21261 | D:14     | Gained mutation: Your mind is acute. (Int +2) [mutagenic meat]
 21454 | D:14     | Reached skill level 19 in Axes
 21834 | D:14     | Reached XP level 15. HP: 124/138 MP: 14/14
 21852 | D:14     | Gained mutation: You expend magic power (3 MP) to strengthen your wands. [mutagenic meat]
 21853 | D:14     | Lost mutation: Your mind is acute. (Int +2) [mutagenic meat]
 21854 | D:14     | Gained mutation: You tend to lose your temper in combat. [mutagenic meat]
 21892 | D:15     | Entered Level 15 of the Dungeon
 22007 | D:15     | Found a staircase to the Depths.
 22171 | D:15     | Received a gift from Trog
 22191 | D:15     | Got a fine war axe {god gift}
 22192 | D:15     | Identified the +3 war axe of Orb Guardian's Doom {freeze, Int+3} (Trog gifted it to you on level 15 of the Dungeon)
 22472 | D:15     | Reached skill level 5 in Shields
 23012 | D:13     | Hired Zyfas the merfolk for 268 gold.
 23142 | Orc:1    | Entered Level 1 of the Orcish Mines
 23142 | Orc:1    | Noticed Maud
 23156 | Orc:1    | Killed Maud
 23543 | Orc:1    | Received a gift from Trog
 23643 | Orc:1    | Got a polished executioner's axe {god gift}
 23644 | Orc:1    | Identified the +3 executioner's axe of Monotheism {speed, Str+7} (Trog gifted it to you on level 1 of the Orcish Mines)
 23676 | Orc:2    | Entered Level 2 of the Orcish Mines
 23694 | Orc:2    | Found Apezuorch's Antique Armour Boutique.
 23713 | Orc:2    | Found Kituxa Mexu's Magic Scroll Shoppe.
 23731 | Orc:2    | Found a staircase to the Elven Halls.
 23734 | Orc:2    | Bought the -2 hat of the Alchemist {rElec rPois rF+ rC+ rN+ MR+ rMut rCorr} for 1557 gold pieces
 23743 | Orc:2    | Bought a pair of runed boots for 148 gold pieces
 23743 | Orc:2    | Bought a steaming cloak for 313 gold pieces
 23743 | Orc:2    | Identified the +2 cloak "Iteowuunn" {+Inv rElec Str+5 Stlth-} (You bought it in a shop on level 2 of the Orcish Mines)
 23749 | Orc:2    | Identified a +2 pair of boots of running (You bought it in a shop on level 2 of the Orcish Mines)
 23751 | Orc:2    | Found Viereoq's Antique Weapon Shop.
 23752 | Orc:2    | Found Fuil's Antique Armour Boutique.
 23754 | Orc:2    | Bought a scroll of enchant weapon for 82 gold pieces
 23755 | Orc:2    | Bought a scroll of magic mapping for 38 gold pieces
 23825 | Orc:2    | Found Nano's Book Shoppe.
 24048 | Orc:2    | Noticed an orc warlord
 24060 | Orc:2    | Killed an orc warlord
 24587 | Snake:1  | Entered Level 1 of the Snake Pit
 24616 | Snake:1  | Received a gift from Trog
 24773 | Snake:1  | Noticed Louise
 24786 | Snake:1  | Killed Louise
 24868 | Snake:1  | Reached skill level 20 in Axes
 24935 | Snake:1  | Reached skill level 15 in Fighting
 24936 | Snake:1  | Reached skill level 15 in Armour
 24956 | Snake:1  | Reached XP level 16. HP: 83/149 MP: 15/15
 25591 | Snake:2  | Received a gift from Trog
 25662 | Snake:2  | Gained mutation: You regenerate slowly when monsters are visible. [potion of mutation]
 25702 | Snake:2  | Noticed Vashnia
 26004 | Snake:2  | Killed Vashnia
 27671 | Snake:4  | Entered Level 4 of the Snake Pit
 27672 | Snake:4  | Found a sparkling altar of Nemelex Xobeh.
 27716 | Snake:4  | Received a gift from Trog
 27717 | Snake:4  | Reached skill level 21 in Axes
 27883 | Snake:3  | Gained mutation: You are dopey. (Int -2) [potion of mutation]
 27883 | Snake:3  | Gained mutation: You have sharp fingernails. [potion of mutation]
 28008 | Snake:4  | Noticed Mara
 28011 | Snake:4  | Reached XP level 17. HP: 157/157 MP: 16/16
 28021 | Snake:4  | Noticed inmateoo's illusion
 28227 | Snake:4  | Noticed Aizul
 28238 | Snake:4  | Killed Aizul
 28308 | Snake:4  | Got a brightly glowing tin ring
 28336 | Snake:4  | Killed Mara
 28477 | Snake:4  | Reached skill level 10 in Shields
 28529 | Snake:4  | Received a gift from Trog
 28768 | Snake:4  | Identified the cursed ring "Meosm" {rF+ EV-3 SInv} (You took it off a salamander on level 4 of the Snake Pit)
 28895 | Snake:4  | Reached skill level 15 in Dodging
 29088 | Snake:4  | Reached skill level 22 in Axes
 29356 | Snake:4  | Received a gift from Trog
 29382 | Snake:4  | Got a serpentine rune of Zot
 29409 | Snake:4  | Gained mutation: [Scrolls take you a little longer to read.] [mutagenic meat]
 29411 | Snake:4  | Lost mutation: Your movements are slightly less encumbered by armour (ER -2). [potion of cure mutation]
 29411 | Snake:4  | Lost mutation: You are dopey. (Int -2) [potion of cure mutation]
 29802 | D:11     | Lost mutation: You regenerate slowly when monsters are visible. [mutagenic meat]
 29806 | D:11     | Gained mutation: You are mostly covered in rough black scales (AC +7, Dex -2). [mutagenic meat]
 29930 | Vaults:1 | Entered Level 1 of the Vaults
 29952 | Vaults:1 | Reached XP level 18. HP: 118/168 MP: 17/17
 29962 | Vaults:1 | Gained mutation: Your flesh is cold resistant. [mutagenic meat]
 30042 | Vaults:1 | Noticed Saint Roka
 30071 | Vaults:1 | Killed Saint Roka
 30111 | Vaults:1 | Gained mutation: You are agile. (Dex +2) [mutagenic meat]
 30112 | Vaults:1 | Lost mutation: You are agile. (Dex +2) [mutagenic meat]
 30384 | Vaults:1 | Received a gift from Trog
 30386 | Vaults:1 | Found Miett's Distillery.
 30405 | Vaults:1 | Bought a potion of might for 48 gold pieces
 30424 | Vaults:1 | Received a gift from Trog
 30496 | Vaults:1 | Gained mutation: Potions and wands are less effective at restoring your health. [mutagenic meat]
 30499 | Vaults:1 | Gained mutation: Your flesh is heat resistant. [mutagenic meat]
 30656 | Vaults:1 | Noticed Jorgrun
 30672 | Vaults:1 | Killed Jorgrun
 31499 | Vaults:2 | Received a gift from Trog
 31721 | Vaults:2 | Reached skill level 23 in Axes
 31735 | Vaults:2 | Noticed Frederick
 31750 | Vaults:2 | Killed Frederick
 31905 | Vaults:2 | Gained mutation: [Scrolls take you longer to read.] [mutagenic meat]
 31906 | Vaults:2 | Gained mutation: You are clumsy. (Dex -2) [mutagenic meat]
 31908 | Vaults:2 | Gained mutation: [Scrolls take you much longer to read.] [mutagenic meat]
 31911 | Vaults:2 | Lost mutation: You have large cloven feet. [mutagenic meat]
 31912 | Vaults:2 | Gained mutation: Your muscles are strong. (Str +2) [mutagenic meat]
 32008 | Vaults:2 | Received a gift from Trog
 32008 | Vaults:2 | Reached XP level 19. HP: 156/177 MP: 18/18
 32063 | Vaults:2 | Found a staircase to the Crypt.
 32962 | Vaults:3 | Received a gift from Trog
 33712 | Vaults:3 | Received a gift from Trog
 33730 | Vaults:3 | Lost mutation: Your flesh is cold resistant. [mutagenic meat]
 33732 | Vaults:3 | Lost mutation: You tend to lose your temper in combat. [mutagenic meat]
 33791 | Vaults:3 | Gained mutation: You are resistant to hostile enchantments. [mutagenic meat]
 33792 | Vaults:3 | Lost mutation: Your muscles are strong. (Str +2) [mutagenic meat]
 33794 | Vaults:3 | Lost mutation: You are mostly covered in rough black scales (AC +7, Dex -2). [mutagenic meat]
 34075 | Vaults:3 | Reached skill level 24 in Axes
 34093 | Vaults:3 | Lost mutation: Your flesh is heat resistant. [mutagenic meat]
 34094 | Vaults:3 | Gained mutation: Armour fits poorly on your strangely shaped body. [mutagenic meat]
 34095 | Vaults:3 | Lost mutation: You are partially covered in rough black scales (AC +4, Dex -1). [mutagenic meat]
 34096 | Vaults:3 | Lost mutation: [Scrolls take you much longer to read.] [mutagenic meat]
 34097 | Vaults:3 | Lost mutation: You expend magic power (3 MP) to strengthen your wands. [mutagenic meat]
 34180 | Vaults:3 | Lost mutation: Armour fits poorly on your strangely shaped body. [mutagenic meat]
 34182 | Vaults:3 | Gained mutation: You have a somewhat thin skeletal structure (Dex +2, Stealth). [mutagenic meat]
 34183 | Vaults:3 | Gained mutation: You are somewhat resistant to further mutation. [mutagenic meat]
 34387 | Vaults:4 | Received a gift from Trog
 34643 | Vaults:4 | Reached XP level 20. HP: 188/188 MP: 19/19
 34687 | Vaults:4 | Gained mutation: You occasionally shout uncontrollably at your foes. [mutagenic meat]
 34692 | Vaults:4 | Lost mutation: [Scrolls take you longer to read.] [mutagenic meat]
 34693 | Vaults:4 | Gained mutation: You possess an exceptional clarity of mind. [mutagenic meat]
 34695 | Vaults:4 | Gained mutation: You are robust (+10% HP). [mutagenic meat]
 34733 | Vaults:4 | Noticed a Tzitzimitl
 34954 | Vaults:4 | Noticed Sojobo
 34981 | Vaults:4 | Killed Sojobo
 35002 | Vaults:4 | Received a gift from Trog
 35480 | Vaults:4 | Found Pyenoq's Gadget Boutique.
 35498 | Vaults:4 | Bought a wand of teleportation (6/9) for 390 gold pieces
 35732 | Vaults:4 | Found Uwo Qai's Book Emporium.
 35825 | Vaults:4 | Found a gateway to a bazaar.
 35846 | Bazaar   | Entered a bazaar
 35846 | Bazaar   | Found Mef Zoosoiq's General Store.
 35855 | Bazaar   | Found Baofyhud's Jewellery Emporium.
 35863 | Bazaar   | Found Ilietes's Antique Weapon Emporium.
 35887 | Bazaar   | Found Niron's Antique Armour Shoppe.
 35890 | Bazaar   | Found Ceetupyi's Magic Scroll Shoppe.
 35903 | Bazaar   | Bought a scroll of blinking for 97 gold pieces
 35903 | Bazaar   | Bought a scroll of magic mapping for 45 gold pieces
 35903 | Bazaar   | Bought a scroll of teleportation for 39 gold pieces
 35903 | Bazaar   | Bought a scroll of teleportation for 39 gold pieces
 36170 | Orc:2    | Bought an ichor-stained plate armour for 896 gold pieces
 36181 | Orc:2    | Identified the +4 plate armour of Keufy {Stlth+} (You bought it in a shop on level 2 of the Orcish Mines)
 36198 | Elf:1    | Entered Level 1 of the Elven Halls
 36210 | Elf:1    | Received a gift from Trog
 36396 | Elf:1    | Noticed a Tzitzimitl
 37402 | Elf:3    | Entered Level 3 of the Elven Halls
 37524 | Elf:2    | Received a gift from Trog
 37560 | Elf:2    | Reached skill level 25 in Axes
 37835 | Elf:2    | Found a runed gate.
 37836 | Elf:2    | Found a runed gate.
 37850 | Elf:2    | Found a runed gate.
 38047 | Elf:2    | Noticed Norris
 38103 | Elf:2    | Killed Norris
 38103 | Elf:2    | Reached XP level 21. HP: 78/217 MP: 20/20
 38571 | Elf:3    | Found an ancient bone altar of Kikubaaqudgha.
 38664 | Elf:3    | Reached skill level 15 in Shields
 38686 | Elf:3    | Noticed Wiglaf
 38691 | Elf:3    | Killed Wiglaf
 38693 | Elf:3    | Received a gift from Trog
 38718 | Elf:3    | Got a scorched broad axe {god gift}
 38722 | Elf:3    | Identified the +3 broad axe "Vozoe" {holy, Str+4} (Trog gifted it to you on level 3 of the Elven Halls)
 38780 | Elf:3    | Found Sitint's Assorted Antiques.
 38788 | Elf:3    | Bought a scroll of teleportation for 72 gold pieces
 38788 | Elf:3    | Bought a scroll of blinking for 180 gold pieces
 38788 | Elf:3    | Bought a scroll of teleportation for 72 gold pieces
 38788 | Elf:3    | Bought a scroll of identify for 48 gold pieces
 38789 | Elf:3    | Found Uckowail's General Store.
 38794 | Elf:3    | Bought a scroll of fear for 59 gold pieces
 38919 | Elf:3    | Got a spiked chain mail
 38922 | Elf:3    | Identified the +7 chain mail of the Beginning {+Fly Str-4 Stlth+} (You found it on level 3 of the Elven Halls)
 39170 | Elf:3    | Received a gift from Trog
 39265 | Elf:3    | Lost mutation: You are clumsy. (Dex -2) [helix card]
 39283 | Elf:3    | Lost mutation: You are somewhat resistant to further mutation. [helix card]
 39442 | Elf:3    | Found Udimpiz's General Store.
 39673 | Elf:3    | Found Vodol's Book Boutique.
 40013 | Orc:2    | Bought a scroll of acquirement for 572 gold pieces
 40013 | Orc:2    | Bought a scroll of enchant armour for 82 gold pieces
 40013 | Orc:2    | Bought a scroll of blinking for 82 gold pieces
 40016 | Orc:2    | Got a distressingly furry cloak
 40019 | Orc:2    | Identified the +0 cloak of the Pink Corner {rN+ Dex-2 Stlth+} (You acquired it on level 2 of the Orcish Mines)
 40270 | Shoals:1 | Entered Level 1 of the Shoals
 40270 | Shoals:1 | Found Qoipp's Distillery.
 40270 | Shoals:1 | Found Joylais's General Store.
 40317 | Shoals:1 | Bought a potion of haste for 200 gold pieces
 40317 | Shoals:1 | Bought a potion of curing for 60 gold pieces
 40317 | Shoals:1 | Bought a potion of curing for 60 gold pieces
 40317 | Shoals:1 | Bought a potion of heal wounds for 100 gold pieces
 40317 | Shoals:1 | Bought a potion of agility for 80 gold pieces
 40317 | Shoals:1 | Bought a potion of might for 80 gold pieces
 40317 | Shoals:1 | Bought a potion of heal wounds for 100 gold pieces
 40317 | Shoals:1 | Bought a potion of might for 80 gold pieces
 40317 | Shoals:1 | Bought a potion of agility for 80 gold pieces
 40327 | Shoals:1 | Bought a potion of haste for 150 gold pieces
 40540 | Shoals:1 | Found Niur's Assorted Antiques.
 40553 | Shoals:1 | Bought a potion of agility for 100 gold pieces
 40557 | Shoals:1 | Found Qomau's Jewellery Boutique.
 40910 | Shoals:2 | Found Xoff's Book Emporium.
 40976 | Shoals:2 | Got a scintillating zirconium amulet
 40980 | Shoals:2 | Identified the amulet of Piabrout {RegenMP rPois Str-2 Int+8} (You found it on level 2 of the Shoals)
 41418 | Shoals:3 | Received a gift from Trog
 41672 | Shoals:3 | Reached skill level 26 in Axes
 41991 | Shoals:4 | Entered Level 4 of the Shoals
 41996 | Shoals:4 | Received a gift from Trog
 42019 | Shoals:4 | Noticed Ilsuiw
 42058 | Shoals:4 | Reached XP level 22. HP: 195/226 MP: 21/21
 42171 | Shoals:4 | Killed Ilsuiw
 42340 | Shoals:4 | Got a barnacled rune of Zot
 42652 | Shoals:4 | Received a gift from Trog
 42979 | Slime:1  | Entered Level 1 of the Pits of Slime
 43161 | Slime:6  | Entered Level 6 of the Pits of Slime
 43327 | Slime:6  | Noticed the Royal Jelly
 43352 | Slime:6  | Killed the Royal Jelly
 43371 | Slime:6  | Received a gift from Trog
 43779 | Slime:6  | Got a crude lapis lazuli ring
 43782 | Slime:6  | Identified the ring of Lies {*Contam rElec MR+ Str+4 Int+3} (You found it on level 6 of the Pits of Slime)
 43934 | Slime:6  | Got a slimy rune of Zot
 43940 | Slime:6  | Lost mutation: You are resistant to hostile enchantments. [helix card]
 43943 | Slime:6  | Drew Focus: Str increased to 30, Int decreased to 3
 44634 | Slime:4  | Received a gift from Trog
 44658 | Slime:4  | Got a twisted broad axe {god gift}
 44667 | Slime:3  | Identified the +11 broad axe "Nelar" {chop, rPois} (Trog gifted it to you on level 4 of the Pits of Slime)
 45503 | Slime:2  | Reached skill level 27 in Axes
 45532 | Slime:1  | Received a gift from Trog
 45586 | Slime:2  | Reached XP level 23. HP: 236/237 MP: 22/22
 46476 | Slime:1  | Received a gift from Trog
 47021 | Vaults:5 | Entered Level 5 of the Vaults
 47264 | Vaults:5 | Received a gift from Trog
 47763 | Vaults:5 | Received a gift from Trog
 47788 | Vaults:5 | Got a silver rune of Zot
 47803 | Vaults:5 | Got a shimmering halberd
 47909 | Vaults:5 | Got a pitted plate armour
 47912 | Vaults:5 | Identified the +4 plate armour of Otois {rC+ Str+3} (You found it on level 5 of the Vaults)
 47971 | Vaults:5 | Got a pair of translucent gloves
 47974 | Vaults:5 | Identified the +0 pair of gloves of the First Snow {+Fly} (You found it on level 5 of the Vaults)
 47978 | Vaults:5 | Got a bloodstained cloak
 47981 | Vaults:5 | Identified the +0 cloak of the Illusory Ghosts {Slay+3} (You found it on level 5 of the Vaults)
 48058 | Vaults:5 | Reached XP level 24. HP: 237/250 MP: 22/22
 48178 | Vaults:5 | Found Vooh Napu's Book Boutique.
 48722 | D:12     | Gained mutation: You expend magic power (3 MP) to strengthen your wands. [mutagenic glow]
 48805 | D:12     | Gained mutation: Your body sometimes deteriorates upon taking damage. [mutagenic glow]
 49091 | D:12     | Lost mutation: [Scrolls take you a little longer to read.] [mutagenic glow]
 49199 | D:12     | Gained mutation: Your magical capacity is low (-10% MP). [mutagenic glow]
 49667 | D:12     | Cast into level 5 of the Abyss (a distortion unwield)
 49667 | Abyss:5  | Entered Level 5 of the Abyss
 49981 | Abyss:5  | Received a gift from Trog
 50207 | Abyss:5  | Gained mutation: You are clumsy. (Dex -2) [a neqoxec]
 50225 | Abyss:5  | Gained mutation: You are dopey. (Int -2) [a neqoxec]
 50312 | Abyss:5  | Lost intelligence.
 50529 | Abyss:5  | Paralysed by accursed screaming for 2 turns
 50942 | Abyss:5  | Found a corrupted altar of Lugonu.
 50966 | Abyss:5  | Paralysed by accursed screaming for 1 turns
 51033 | Abyss:5  | Lost intelligence.
 51211 | Abyss:5  | Received a gift from Trog
 51253 | Abyss:5  | Got an abyssal rune of Zot
 51310 | Abyss:5  | Paralysed by accursed screaming for 1 turns
 51314 | Abyss:5  | Paralysed by accursed screaming for 2 turns
 51316 | Abyss:5  | Lost intelligence.
 51319 | Abyss:5  | HP: 6/256 [starcursed mass/accursed screaming (7)]
 51320 | Abyss:5  | Slain by a storm dragon simulacrum

Skill      XL: |  1  2  3  4  5  6  7  8  9 10 11 12 13 14 15 16 17 18 19 20 21 22 23 24 |
---------------+-------------------------------------------------------------------------+-----
Axes           | 4 5 6 7 9 11 12 14 16 17 19 20 21 22 23 24 25 26 27 | 27.0
Armour         | 3 4 5 7 8 9 11 12 13 14 15 16 17 18 19 20 21 22 | 22.3
Fighting       | 4 5 6 7 8 9 10 12 13 14 15 16 17 18 19 20 21 22 | 22.3
Dodging        | 3 4 5 7 8 9 11 12 13 14 15 16 17 18 19 20 | 20.7
Shields        | 3 6 9 11 12 13 14 15 16 18 19 | 19.4

Action                   |  1- 3 |  4- 6 |  7- 9 | 10-12 | 13-15 | 16-18 | 19-21 | 22-24 || total
-------------------------+-------+-------+-------+-------+-------+-------+-------+-------++-------
Melee: Hand axe          |    62 |   160 |   488 |   576 |       |       |       |       ||  1286
       Headbutt          |     7 |    18 |   104 |   163 |   289 |   269 |   426 |   582 ||  1858
       Kick              |       |       |   138 |   291 |   417 |       |       |       ||   846
       Battleaxe         |       |       |     3 |   110 |     6 |       |       |       ||   119
       Executioner's axe |       |       |       |   177 |   111 |   437 |       |       ||   725
       Broad axe         |       |       |       |    26 |   773 |   539 |  1422 |  1554 ||  4314
       Morningstar       |       |       |       |       |   149 |       |       |       ||   149
       Dagger            |       |       |       |       |       |       |       |     5 ||     5
       Unarmed           |       |       |       |       |       |       |       |     1 ||     1
Invok: Berserk           |     1 |     2 |     1 |     6 |       |     1 |       |       ||    11
       Trog's Hand       |     1 |       |     3 |     6 |     6 |    13 |     5 |    22 ||    56
       Burn Spellbooks   |       |       |     1 |       |     7 |     1 |     7 |     6 ||    22
       Brothers in Arms  |       |       |       |       |       |     1 |     2 |     3 ||     6
Evoke: Deck              |       |       |       |     6 |    20 |       |    20 |    10 ||    56
       Wand              |       |       |       |     2 |     5 |       |       |    13 ||    20
       Box of beasts     |       |       |       |       |     3 |       |       |     7 ||    10
  Use: Scroll            |     2 |     4 |    15 |     8 |    22 |     5 |    18 |    22 ||    96
       Potion            |       |       |     1 |     5 |     3 |     4 |     5 |     7 ||    25
 Stab: Sleeping          |     1 |       |       |       |       |       |       |       ||     1
       Distracted        |       |       |       |       |     2 |       |     1 |     2 ||     5
  Eat: Chunk             |     1 |     8 |    13 |    28 |    43 |    32 |    37 |       ||   162
       Beef jerky        |       |       |     1 |     2 |     3 |     4 |     8 |     1 ||    19
       Royal jelly       |       |       |     1 |     1 |     5 |     6 |       |       ||    13
       Pizza             |       |       |     1 |       |     1 |     1 |     1 |       ||     4
       Fruit             |       |       |       |     3 |     9 |     7 |    22 |    11 ||    52
       Meat ration       |       |       |       |       |       |       |       |     6 ||     6
Armor: Robe              |     8 |       |       |       |       |       |       |       ||     8
       Plate armour      |       |    74 |   282 |   534 |   480 |   318 |   343 |   231 ||  2262
       Skin              |       |       |       |    16 |       |       |       |       ||    16
       Gold dragon armou |       |       |       |       |       |       |       |   170 ||   170
Dodge: Dodged            |    46 |    53 |   189 |   418 |   535 |   466 |   470 |   586 ||  2763
Block: Buckler           |       |       |    16 |    50 |   162 |       |       |       ||   228
       Large shield      |       |       |       |       |       |   444 |  1160 |  1493 ||  3097
